 Dungeon Crawl Stone Soup version 0.25-a0-287-g56a5b49892 (webtiles) character file.

Game seed: 4468766422007217328, levelgen mode: deterministic

98 D1HalberdGnoll the Skirmisher (level 4, -2/48 HPs)
             Began as an Ogre Transmuter on Dec 12, 2019.
             Slain by a killer bee zombie (8 damage)
             ... on level 3 of the Dungeon.
             The game lasted 00:04:06 (3230 turns).

D1HalberdGnoll the Skirmisher (Ogre Transmuter)     Turns: 3230, Time: 00:04:06

Health: -2/48      AC:  3    Str: 14    XL:     4   Next: 69%
Magic:  3/9        EV: 10    Int: 14    God:
Gold:   163        SH:  0    Dex: 10    Spells: 6/9 levels left

rFire    . . .     SeeInvis .     - Unarmed
rCold    . . .     Gourm    .   (no shield)
rNeg     . . .     Faith    .   b - +0 robe
rPois    .         Spirit   .   (helmet restricted)
rElec    .         Reflect  .   (no cloak)
rCorr    .         Harm     .   (gloves unavailable)
MR       .....                  (boots unavailable)
Stlth    +.........             (no amulet)
HPRegen  0.16/turn              (no ring)
MPRegen  0.11/turn              (no ring)

@: appendage (expiring), very slightly contaminated
A: large, unfitting armour, talons 3, tough skin 1
a: End Transformation


You were on level 3 of the Dungeon.
You were not hungry.
You had grown temporary talons.
You visited 1 branch of the dungeon, and saw 3 of its levels.

You collected 163 gold pieces.

Inventory:

Missiles
 a - 7 arrows (quivered)
Armour
 b - a +0 robe (worn)
Jewellery
 f - a +3 ring of protection {unknown}
Scrolls
 c - 2 scrolls of noise {unknown}
 e - 4 scrolls of teleportation
 h - 4 scrolls of identify {unknown}
 i - a scroll of blinking {unknown}
 m - 2 scrolls of remove curse {unknown}
 p - a scroll of amnesia {unknown}
Potions
 j - a potion of lignification {unknown}
 k - a potion of heal wounds {unknown}
 l - a potion of brilliance {unknown}
 o - a potion of berserk rage {unknown}
Comestibles
 d - 2 rations
 n - 2 chunks of flesh


   Skills:
 * Level 4.1 Fighting
 - Level 1.7 Dodging
 - Level 2.6 Unarmed Combat
 + Level 3.3 Spellcasting
 + Level 2.6 Transmutations


You had 6 spell levels left.
You knew the following spells:

 Your Spells              Type           Power        Failure   Level  Hunger
a - Beastly Appendage     Tmut           #.....       7%          1    #......
b - Sticks to Snakes      Tmut           #.......     11%         2    ##.....

Your spell library contained the following spells:

 Spells                   Type           Power        Failure   Level  Hunger
 Spider Form              Tmut/Pois      #.........   36%         3    ###....
 Ice Form                 Ice/Tmut       #.......     77%         4    #####..
 Blade Hands              Tmut           #.........   89%         5    ######.


Dungeon Overview and Level Annotations

Branches:
Dungeon (3/15)

Altars:
Fedhas


Innate Abilities, Weirdness & Mutations

You are too large for most types of armour.
You have tough skin. (AC +1)
You have claws for feet.


Message History

Your hands glow momentarily.
The killer bee zombie hits you.
* * * LOW HITPOINT WARNING * * *
The killer bee zombie hits you but does no damage.
Casting: Sticks to Snakes (safe; 11% risk of failure)
Confirm with . or Enter, or press ? or * to list all spells.
You create a snake!
You now have 7 arrows.
The killer bee zombie hits you.
* * * LOW HITPOINT WARNING * * *
The killer bee zombie barely misses you.
The killer bee zombie hits you.
* * * LOW HITPOINT WARNING * * *
You barely miss the killer bee zombie.
The killer bee zombie is heavily damaged.
The killer bee zombie closely misses you.
Your ball python bites the killer bee zombie.
Your ball python grabs the killer bee zombie.
Your ball python constricts the killer bee zombie.
You hit the killer bee zombie. You claw the killer bee zombie.
The killer bee zombie is almost destroyed.
The killer bee zombie hits you!
You die...

#########
..P.P.....#.......#
#.._......#.......#
.P.P.....#.......#
........#......)#
#...... #.....###
#..... #.....#
####..#'# #@...÷#
........####ZS...#
####......##...÷.###
#..)...†......'.#
#......##.....#.#
......>..##.....#.#
#.##......##(....#.#
# ###############.#
#######.#


You could see a killer bee zombie and a friendly ball python.

Vanquished Creatures
  2 adders
  An ooze (D:1)
  2 worms (D:2)
  A leopard gecko (D:1)
  2 giant cockroaches
  6 goblins
  12 hobgoblins
  3 jackals (D:1)
  3 quokkas
  2 ball pythons (D:1)
  6 bats
  A frilled lizard (D:2)
  8 kobolds
  8 rats
57 creatures vanquished.

Vanquished Creatures (collateral kills)
  An adder (D:2)
  A hobgoblin (D:1)
2 creatures vanquished.

Vanquished Creatures (others)
  A plant (D:1)
1 creature vanquished.

Grand Total: 60 creatures vanquished

Notes
Turn   | Place    | Note
-------+----------+-------------------------------------------
     0 | D:1      | D1HalberdGnoll the Ogre Transmuter began the quest for the
                  | Orb.
     0 | D:1      | Reached XP level 1. HP: 19/19 MP: 3/3
    54 | D:1      | Reached skill level 2 in Fighting
   168 | D:1      | Reached XP level 2. HP: 23/28 MP: 3/5
   498 | D:1      | Learned a level 2 spell: Sticks to Snakes
   719 | D:1      | Reached XP level 3. HP: 30/36 MP: 5/7
   856 | D:1      | Reached skill level 3 in Fighting
  2312 | D:2      | Reached XP level 4. HP: 39/48 MP: 4/8
  2990 | D:3      | Reached skill level 4 in Fighting
  3191 | D:3      | Found a blossoming altar of Fedhas.
  3230 | D:3      | Slain by a killer bee zombie

Levels and vault maps discovered:
D:1:      scummos_arrival_gate, layout_basic, chequers_big_river
D:2:      layout_basic, hex_tiny
D:3:      layout_basic, fedhas_altar_1

Skill      XL: |  1  2  3  4 |
---------------+-------------+-----
Fighting       | 2 3 4 |  4.1
Transmutations | 2 |  2.6
Spellcasting   | 3 |  3.3
Dodging        | |  1.7
Unarmed Combat | |  2.6

Action                   |  1- 3 |  4- 6 || total
-------------------------+-------+-------++-------
Melee: Unarmed           |   193 |    83 ||   276
       Headbutt          |     7 |     4 ||    11
       Kick              |     9 |     7 ||    16
 Cast: Beastly Appendage |    21 |    10 ||    31
       Sticks to Snakes  |     2 |     3 ||     5
  Use: Scroll            |       |     1 ||     1
       Potion            |       |     1 ||     1
 Stab: Sleeping          |     1 |       ||     1
  Eat: Chunk             |     5 |     3 ||     8
Armor: Robe              |    36 |    21 ||    57
Dodge: Dodged            |    87 |    38 ||   125

Table legend:
 A = Non-vault XP
 B = Vault XP
 C = Vault XP percentage of total XP
 D = Non-vault monster count
 E = Vault monster count
 F = Vault count percentage of total count
                 A         B        C        D         E       F
            +---------+---------+-------+---------+---------+-------
      Total |     140 |       0 |   0.0 |      59 |       0 |   0.0
            +---------+---------+-------+---------+---------+-------
        D:1 |      52 |       0 |   0.0 |      28 |       0 |   0.0
        D:2 |      65 |       0 |   0.0 |      24 |       0 |   0.0
        D:3 |      23 |       0 |   0.0 |       7 |       0 |   0.0
            +---------+---------+-------+---------+---------+-------
